 Dungeon Crawl Stone Soup version 0.18-a0-1551-g40744a8 (webtiles) character file.

433 Ijustatesigmund the Insei (level 7, -4/48 HPs)
             Began as an Octopode Transmuter on Mar 11, 2016.
             Was a Believer of Cheibriados.
             Slain by an ice beast (11 damage)
             ... on level 5 of the Dungeon.
             The game lasted 00:11:38 (3808 turns).

Ijustatesigmund the Insei (Octopode Transmuter)     Turns: 3808, Time: 00:11:39

Health: -4/48      AC:  1    Str: 14    XL:     7   Next: 0%
Magic:  7/10       EV: 13    Int: 19    God:    Cheibriados [**....]
Gold:   205        SH:  0    Dex: 16    Spells: 3 memorised, 4 levels left

rFire  . . .     SeeInvis .       - Unarmed
rCold  . . .     Gourm    .     (no shield)
rNeg   . . .     Faith    .     (helmet restricted)
rPois  .         Spirit   .     q - amulet of regeneration
rElec  .         Dismiss  .     h - -2 ring of intelligence
rCorr  .         Reflect  .     (no ring)
SustAt .         Harm     .     (no ring)
MR     .....                    (no ring)
Stlth  +++.......               (no ring)
                                (no ring)
                                (no ring)
                                (no ring)

@: lethally poisoned (-4 -> -6), very slow, not resistant to hostile
enchantments, fairly stealthy
A: almost no armour, amphibious, 8 rings, constrict 8, camouflage 1, gelatinous
body 1
a: Bend Time, Renounce Religion


You were on level 5 of the Dungeon.
You worshipped Cheibriados.
Cheibriados was pleased with you.
You were not hungry.

You visited 1 branch of the dungeon, and saw 5 of its levels.

You collected 205 gold pieces.

Inventory:

Missiles
 a - 26 arrows
 l - 10 arrows of frost
 o - 2 tomahawks (quivered)
Jewellery
 h - a -2 ring of intelligence (left tentacle)
 q - an amulet of regeneration (around mantle)
Wands
 d - a wand of digging (12/24)
Scrolls
 e - a scroll of immolation
Potions
 f - a potion of flight
 i - a potion of berserk rage {unknown}
 j - 4 potions of curing
 k - a potion of cancellation {unknown}
 m - a potion of cure mutation {unknown}
 n - a potion of haste {unknown}
 p - a potion of ambrosia {unknown}
 s - a potion of resistance {unknown}
Books
 b - a book of Changes

   Spells                             Type                      Level
   a - Beastly Appendage              Transmutation                1
   b - Sticks to Snakes               Transmutation                2
   c - Spider Form                    Transmutation/Poison         3
   d - Ice Form                       Ice/Transmutation            4
   e - Blade Hands                    Transmutation                5
Comestibles
 c - 3 bread rations


   Skills:
 - Level 4.0 Fighting
 + Level 2.6 Dodging
 + Level 2.0 Stealth
 - Level 5.0 Unarmed Combat
 - Level 2.0 Spellcasting
 - Level 2.0 Transmutations
 - Level 2.1 Poison Magic
 + Level 2.3 Invocations


You had 4 spell levels left.
You knew the following spells:

 Your Spells              Type           Power        Failure   Level  Hunger
a - Beastly Appendage     Trmt           #.....       10%         1    #......
b - Sticks to Snakes      Trmt           #.......     12%         2    ###....
c - Spider Form           Trmt/Pois      #.........   21%         3    ###....


Dungeon Overview and Level Annotations

Branches:
Dungeon (5/15)             Temple (0/1) D:4

Altars:
Cheibriados
Dithmenos
Fedhas
Kikubaaqudgha
Okawaru
Sif Muna
Yredelemnul
Zin

Annotations:
D:3 namelastname112's ghost, amateur DrAK


Innate Abilities, Weirdness & Mutations

You cannot wear most types of armour.
You are amphibious.
You can wear up to eight rings at the same time.
You can use your tentacles to constrict eight enemies at once.
Your skin changes colour to match your surroundings (Stealth).
Your rubbery body absorbs attacks (AC +1).


Message History

Cheibriados raises the support of your attributes as your movement slows.
The worker ant bites you!
You closely miss the ice beast.
The ice beast is heavily wounded.
The ice beast hits you. The ice beast freezes you. The worker ant bites you.
* * * LOW HITPOINT WARNING * * *
You are poisoned.
The worker ant poisons you!
You barely miss the ice beast.
The ice beast is heavily wounded.
Your transformation has ended.
You feel sick.
You kill the worker ant!
Cheibriados thoroughly appreciates the change of pace.
Your Stealth skill increases to level 2!
You have reached level 7!
The ice beast hits you.
* * * LOW HITPOINT WARNING * * *
The ice beast freezes you!
You die...

#... #...# ########### #...#
#.........# #####...#
#.........# ....#...#####
#.........#
..$.........###.........#
.[....?..%..............########
.............###..######........
.a.....((....(.†@Y.......#######
............####.#########
......#.....# #.# .......)....#
#.# ............# #.#
..?......._.# #.# .............>
..# ...........$## ...
.......[....#


You could see an ice beast.

Vanquished Creatures
  A hound (D:4)
  4 orc priests (D:4)
  A giant frog skeleton (D:5)
  Ijyb (D:2)
  Terence (D:2)
  3 worker ants
  4 adders
  2 worms (D:2)
  A dart slug (D:2)
  2 giant geckos
  9 orcs
  8 bats
  5 giant cockroaches
  8 goblins
  8 hobgoblins
  3 jackals
  A quokka (D:3)
  4 giant newts
  A jackal skeleton (D:4)
  8 kobolds
  9 rats
  2 fungi (D:4)
86 creatures vanquished.

Vanquished Creatures (collateral kills)
  Crazy Yiuf (D:4)
1 creature vanquished.

Grand Total: 87 creatures vanquished

Notes
Turn   | Place    | Note
--------------------------------------------------------------
     0 | D:1      | Ijustatesigmund the Octopode Transmuter began the quest for the Orb.
     0 | D:1      | Reached XP level 1. HP: 13/13 MP: 3/3
   209 | D:1      | Reached XP level 2. HP: 12/18 MP: 5/5
   368 | D:1      | Learned a level 2 spell: Sticks to Snakes
   906 | D:2      | Reached XP level 3. HP: 21/24 MP: 6/6
  1232 | D:2      | Noticed Ijyb
  1237 | D:2      | Killed Ijyb
  1237 | D:2      | Reached skill level 4 in Unarmed Combat
  1237 | D:2      | Reached XP level 4. HP: 25/30 MP: 7/7
  1246 | D:2      | Learned a level 3 spell: Spider Form
  1527 | D:2      | Found a blossoming altar of Fedhas.
  1527 | D:2      | Found an ancient bone altar of Kikubaaqudgha.
  1608 | D:2      | Noticed Terence
  1617 | D:2      | Killed Terence
  1628 | D:2      | Reached XP level 5. HP: 23/36 MP: 8/8
  2196 | D:2      | Found a basalt altar of Yredelemnul.
  2275 | D:3      | Found a snail-covered altar of Cheibriados.
  2285 | D:3      | Became a worshipper of Cheibriados the Contemplative
  2462 | D:3      | Noticed namelastname112's ghost (amateur DrAK)
  2560 | D:3      | Found a shadowy altar of Dithmenos.
  2671 | D:3      | Reached * piety under Cheibriados
  2959 | D:4      | Found a deep blue altar of Sif Muna.
  3292 | D:4      | Found an iron altar of Okawaru.
  3389 | D:4      | Found a staircase to the Ecumenical Temple.
  3462 | D:4      | Reached skill level 1 in Poison Magic
  3497 | D:4      | Reached skill level 1 in Invocations
  3497 | D:4      | Reached XP level 6. HP: 41/43 MP: 0/9
  3511 | D:4      | Reached skill level 5 in Unarmed Combat
  3578 | D:4      | Noticed Crazy Yiuf
  3590 | D:4      | Killed Crazy Yiuf
  3626 | D:5      | Entered Level 5 of the Dungeon
  3648 | D:5      | Noticed an ice beast
  3652 | D:5      | Found a glowing silver altar of Zin.
  3663 | D:5      | Reached skill level 1 in Stealth
  3806 | D:5      | Reached ** piety under Cheibriados
  3808 | D:5      | Reached XP level 7. HP: 8/48 MP: 7/10
  3808 | D:5      | Slain by an ice beast

Vault maps used:
D:1:      dpeg_arrival_tiny_d, serial_bayou_pond_b
D:2:      grunt_temple_overflow_growth_and_decay, lemuel_coloured_pillars_altar,
          kennysheep_generic_room_9, uniq_iyjb, uniq_terence
D:3:      cheibriados_altar_1, minmay_overflow_temple_star_quad,
          minmay_misc_feat_ornament, nicolae_dithmenos_shadow_blocks
D:4:      overflow_temple_1_default, kennysheep_little_box,
          minmay_temple_entry_enclosed_plants, uniq_crazy_yiuf_cottage
D:5:      overflow_temple_1_default, first_bread

Skill      XL: |  1  2  3  4  5  6 |
---------------+-------------------+-----
Fighting       | 2 3 4 |  4.0
Unarmed Combat | 4 5 |  5.0
Poison Magic   | 1 2 |  2.1
Invocations    | 1 2 |  2.3
Stealth        | 2 |  2.0
Dodging        | |  2.6
Spellcasting   | |  2.0
Transmutations | |  2.0

Action                   |  1- 3 |  4- 6 |  7- 9 || total
-------------------------+-------+-------+-------++-------
Melee: Unarmed           |    70 |   146 |       ||   216
 Cast: Beastly Appendage |       |     4 |       ||     4
       Spider Form       |       |     8 |       ||     8
       Sticks to Snakes  |       |     3 |       ||     3
  Use: Scroll            |     3 |     5 |       ||     8
       Potion            |       |     2 |       ||     2
 Stab: Sleeping          |     5 |     5 |       ||    10
       Invisible         |       |     4 |       ||     4
       Distracted        |       |     1 |       ||     1
  Eat: Chunk             |     1 |     5 |       ||     6
       Beef jerky        |       |     1 |       ||     1
       Royal jelly       |       |     1 |       ||     1
